AoeStats
← jomanuel28

African Clearing

510615657Analyzed
4v4 RM · 1d ago on Oct 1, 2026· 53m 24s· 8 players
Game mode
Random Map
Map size
Large (8 player)
Population
200
Speed
Normal
Resources
Standard
Victory
Conquest
Starting age
Dark Age
Ending age
Imperial Age
RankedLock teamsTeams togetherTeam positionsShared explorationLock speedFull tech treeHidden civsTurbo modeCheats
Victory
Defeat
🇩🇪 Varangians · Germany
1382
+15
🇨🇴 Italians · Colombia
1375
+15
🇧🇷 Huns · Brazil
1351
+16
🇩🇪 Mapuche · Germany
1338
+18
🇮🇹 Vietnamese · Italy
1401
-17
🇮🇹 Cumans · Italy
1389
-17
🇮🇹 Mapuche · Italy
1374
-17
🇩🇪 Danes · Germany
1278
-13
GAX | Gabasco
12:53 Feudal Age
12:30 Loom
13:30 Loom
17:10 Castle Age
15:17 Double-Bit Axe
15:51 Scale Barding Armor
17:04 Forging
16:52 Gold Mining
17:46 Bloodlines
25:11 Wheelbarrow
28:34 Bow Saw
31:01 Gold Shaft Mining
34:04 Hand Cart
36:43 Imperial Age
35:09 Stone Mining
35:42 Chain Barding Armor
35:58 Iron Casting
36:45 Husbandry
36:45 Cavalier
38:03 Plate Barding Armor
37:27 Town Watch
38:23 Conscription
39:18 Blast Furnace
38:21 Paladin
45:27 Town Patrol
46:33 Two-Man Saw
45:16 Horse Collar
51:51 Fletching
52:24 Ballistics
53:04 Chemistry
52:00 Murder Holes
52:16 Masonry
jomanuel28
4:52 Loom
13:00 Feudal Age
14:02 Double-Bit Axe
17:09 Fletching
17:19 Padded Archer Armor
23:06 Castle Age
25:08 Crossbowman
30:02 Wheelbarrow
30:06 Bodkin Arrow
31:41 Ballistics
32:37 Leather Archer Armor
40:05 Hand Cart
46:15 Imperial Age
44:50 Thumb Ring
47:33 Bracer
48:18 Conscription
49:16 Chemistry
49:56 Hoardings
w h i z.
11:06 Loom
12:51 Feudal Age
17:24 Castle Age
15:23 Fletching
15:25 Double-Bit Axe
16:14 Fletching
16:10 Horse Collar
18:26 Bow Saw
19:25 Padded Archer Armor
19:36 Bodkin Arrow
22:00 Padded Archer Armor
24:23 Ballistics
25:15 Wheelbarrow
26:36 Hand Cart
30:52 Leather Archer Armor
30:41 Gold Mining
32:47 Heavy Plow
36:24 Imperial Age
35:01 Malon
36:45 Gold Shaft Mining
36:00 Elite Skirmisher
38:07 Chemistry
37:16 Elite Bolas Rider
38:32 Ring Archer Armor
38:34 Conscription
38:20 Butalmapu
42:09 Scale Mail Armor
42:20 Forging
42:03 Champi Runner
43:26 Coinage
44:09 Chain Mail Armor
44:30 Iron Casting
43:19 Champi Warrior
44:36 Crop Rotation
43:58 Elite Champi Warrior
46:03 Plate Mail Armor
47:29 Blast Furnace
47:45 Banking
48:01 Elite Kona
48:31 Treadmill Crane
49:02 Masonry
48:54 Arson
51:16 Bombard Tower
danntheman
9:55 Loom
12:27 Feudal Age
14:13 Bloodlines
13:54 Double-Bit Axe
17:29 Forging
23:27 Castle Age
21:57 Scale Barding Armor
23:51 Gold Mining
24:28 Husbandry
25:05 Chain Barding Armor
25:51 Horse Collar
34:49 Bow Saw
35:49 Wheelbarrow
44:26 Heavy Plow
44:48 Hand Cart
44:56 Vendel Legacy
46:55 Iron Casting
51:02 Imperial Age
50:29 Stone Mining
50:25 Town Watch
52:26 Plate Barding Armor
52:14 Cavalier
53:57 Conscription
fengxxx
14:47 Feudal Age
14:58 Man-at-Arms
20:17 Double-Bit Axe
21:06 Scale Mail Armor
24:02 Loom
28:28 Castle Age
28:08 Fletching
31:50 Bow Saw
36:13 Bow Saw
37:22 Horse Collar
Wendysocute
12:17 Feudal Age
13:04 Loom
13:21 Double-Bit Axe
17:06 Fishing Lines
23:14 Castle Age
24:16 Fletching
24:27 Padded Archer Armor
24:56 Gillnets
26:52 Wheelbarrow
26:59 Bow Saw
26:43 Gold Mining
29:28 Hand Cart
29:48 Leather Archer Armor
29:29 Bodkin Arrow
32:16 Imperial Age
31:07 Stone Mining
31:52 Gold Shaft Mining
35:02 Malon
35:08 Butalmapu
35:06 Arrowslits
35:43 Ballistics
36:27 Chemistry
36:12 Ring Archer Armor
37:50 Elite Bolas Rider
51:46 Conscription
511
12:54 Feudal Age
14:05 Double-Bit Axe
14:04 Horse Collar
17:03 Castle Age
17:14 Loom
24:48 Husbandry
28:00 Scale Barding Armor
28:05 Forging
29:26 Forging
30:37 Stone Mining
32:41 Wheelbarrow
32:18 Bloodlines
32:34 Chain Barding Armor
34:09 Iron Casting
34:23 Hand Cart
36:34 Bow Saw
37:49 Fletching
37:59 Padded Archer Armor
38:26 Gold Mining
40:01 Stone Shaft Mining
39:19 Town Watch
43:35 Imperial Age
42:36 Ballistics
42:30 Bodkin Arrow
42:51 Leather Archer Armor
42:50 Thumb Ring
42:14 Elite Skirmisher
44:46 Paper Money
45:32 Chemistry
44:56 Bracer
45:51 Ring Archer Armor
45:25 Pikeman
46:05 Squires
45:50 Arson
46:13 Scale Mail Armor
46:49 Iron Casting
46:48 Coinage
46:08 Halberdier
48:16 Elite Rattan Archer
49:27 Chain Mail Armor
51:02 Plate Mail Armor
Lyy
6:29 Loom
13:40 Feudal Age
14:33 Man-at-Arms
27:56 Castle Age
25:57 Double-Bit Axe
27:53 Bloodlines
28:40 Forging
28:35 Scale Barding Armor
32:52 Iron Casting
32:10 Loom
34:33 Chain Barding Armor
41:24 Imperial Age
42:11 Bow Saw
41:36 Cavalier
42:32 Horse Collar
44:14 Blast Furnace
43:34 Chain Barding Armor
44:14 Blast Furnace
43:31 Heavy Plow
47:34 Light Cavalry
50:11 Crop Rotation
50:34 Chain Barding Armor
54:12 Two-Man Saw
Connection lost

Rejoining the realm…

Still unreachable

The connection could not be restored.

Session expired

The server has moved on; the page needs a fresh start.